 Dungeon Crawl Stone Soup version 0.24.0-13-gcf9b3192b9 (webtiles) character file.

Game seed: 5972153739090434917, levelgen mode: deterministic

62 Aviak the Sneak (level 4, 0/27 HPs)
             Began as an Octopode Enchanter on Nov 9, 2019.
             Slain by a hobgoblin (4 damage)
             ... on level 2 of the Dungeon.
             The game lasted 00:01:17 (1159 turns).

Aviak the Sneak (Octopode Enchanter)                Turns: 1159, Time: 00:01:17

Health: 0/27       AC:  1    Str:  7    XL:     4   Next: 8%
Magic:  1/7        EV: 19    Int: 20    God:
Gold:   88         SH:  0    Dex: 18    Spells: 2/8 levels left

rFire    . . .     SeeInvis .   a - +1 dagger
rCold    . . .     Gourm    .   (no shield)
rNeg     . . .     Faith    .   (helmet restricted)
rPois    .         Spirit   .   (no amulet)
rElec    .         Reflect  .   i - +3 ring of intelligence
rCorr    .         Harm     .   (no ring)
MR       .....                  (no ring)
Stlth    +++++.....             (no ring)
HPRegen  0.09/turn              (no ring)
MPRegen  0.10/turn              (no ring)
                                (no ring)
                                (no ring)

@: agile, very slightly contaminated
A: almost no armour, stealthy swim, amphibious, 8 rings, constrict 8, camouflage
1, gelatinous body 1
a: no special abilities


You were on level 2 of the Dungeon.
You were not hungry.

You visited 1 branch of the dungeon, and saw 2 of its levels.

You collected 88 gold pieces.

Inventory:

Hand Weapons
 a - a +1 dagger (weapon)
Jewellery
 i - a +3 ring of intelligence (left tentacle)
Scrolls
 b - a scroll of remove curse {unknown}
 d - 4 scrolls of identify {unknown}
 f - a scroll of immolation {unknown}
 g - a scroll of fear {unknown}
Potions
 h - a potion of lignification {unknown}
Comestibles
 c - 2 rations


   Skills:
 + Level 1.8 Short Blades
 + Level 2.5 Dodging
 + Level 4.6 Stealth
 - Level 2.5 Spellcasting
 + Level 3.4 Hexes


You had 2 spell levels left.
You knew the following spells:

 Your Spells              Type           Power        Failure   Level  Hunger
a - Corona                Hex            ###....      3%          1    None
b - Ensorcelled Hibernat  Hex/Ice        #.....       11%         2    ##.....
c - Confuse               Hex            ###.....     11%         3    ###....

Your spell library contained the following spells:

 Spells                   Type           Power        Failure   Level  Hunger
 Tukima's Dance           Hex            ###.....     11%         3    ###....
 Dazzling Spray           Conj/Hex       #.....       22%         3    ###....


Dungeon Overview and Level Annotations

Branches:
Dungeon (2/15)

Altars:
Kikubaaqudgha


Innate Abilities, Weirdness & Mutations

You cannot wear most types of armour.
You are very stealthy in the water. (Stealth+)
You are amphibious.
You can wear up to eight rings at the same time.
You can use your tentacles to constrict eight enemies at once.
Your skin changes colour to match your surroundings (Stealth+).
Your rubbery body absorbs attacks. (AC +1, EV +1)


Message History

Press: ? - help, Shift-Dir - straight line, f/p - hobgoblin
Aim: a hobgoblin (moderately wounded, chance to defeat MR: 58%)
The hobgoblin resists with significant effort.
The quokka bites the withered plant but does no damage.
The hobgoblin hits you.
* * * LOW HITPOINT WARNING * * *
The quokka bites the withered plant.
Unknown command.
It was a potion of agility.
You feel agile all of a sudden. The hobgoblin completely misses you.
The quokka bites the withered plant but does no damage.
You hit the hobgoblin but do no damage. Your grab misses the hobgoblin.
The hobgoblin is moderately wounded.
The hobgoblin barely misses you.
The quokka bites the withered plant.
You hit the hobgoblin. You grab the hobgoblin.
The hobgoblin is severely wounded.
You constrict the hobgoblin, but do no damage.
The hobgoblin hits you.
You die...

... ###.#### #)
[......# # #.##
###.##.# #.#...
...<...####.#..#
.....###.......####
..........###.....##
###.###...#.#.PPP..#
..........#...rg@..#.
###.###...#.)..#.P...#
....# ##..#._..##....#
###.# #..#....#.PPP.#
..#.# #..#.......P..#
..#.# #..#.#...P.P.##
..#.# ##.###..P...?#
..#. #..........## ..#
############


You could see a quokka and a hobgoblin.

Vanquished Creatures
  4 adders (D:2)
  2 leopard geckos (D:1)
  2 giant cockroaches (D:1)
  2 goblins (D:1)
  3 hobgoblins
  6 kobolds
  A quokka (D:2)
  A bat (D:1)
  2 frilled lizards (D:1)
  3 rats
26 creatures vanquished.

Notes
Turn   | Place    | Note
-------+----------+-------------------------------------------
     0 | D:1      | Aviak the Octopode Enchanter began the quest for the Orb.
     0 | D:1      | Reached XP level 1. HP: 11/11 MP: 3/3
    66 | D:1      | Reached XP level 2. HP: 15/17 MP: 5/5
  1026 | D:2      | Reached XP level 3. HP: 21/21 MP: 6/6
  1034 | D:2      | Learned a level 2 spell: Ensorcelled Hibernation
  1038 | D:2      | Learned a level 3 spell: Confuse
  1085 | D:2      | Reached XP level 4. HP: 22/27 MP: 4/7
  1140 | D:2      | Found an ancient bone altar of Kikubaaqudgha.
  1159 | D:2      | Slain by a hobgoblin

Levels and vault maps discovered:
D:1:      minmay_arrival_plants_in_alcoves, layout_basic, chequers_arboretum,
          minmay_bisected
D:2:      layout_basic, kiku_gazebo_garden_becter,
          chequers_ecumenical_altar_simple

Action                   |  1- 3 |  4- 6 || total
-------------------------+-------+-------++-------
Melee: Dagger            |    49 |    19 ||    68
       Constrict         |    13 |     6 ||    19
       Tentacles         |     8 |     1 ||     9
 Cast: Ensorcelled Hiber |     1 |     2 ||     3
  Use: Potion            |       |     1 ||     1
 Stab: Sleeping          |     7 |       ||     7
  Eat: Chunk             |       |     1 ||     1
Armor: Skin              |     3 |     2 ||     5
Dodge: Dodged            |    31 |    17 ||    48
